 Dungeon Crawl Stone Soup version 0.18.1-6-gd335043 (webtiles) character file.

557 HungrySpirit the Insei (level 7, -1/46 HPs)
             Began as an Octopode Transmuter on May 18, 2016.
             Was an Initiate of Cheibriados.
             Slain by an ogre
             ... wielding a +0 giant club
              (10 damage)
             ... on level 4 of the Dungeon.
             The game lasted 00:10:24 (4981 turns).

HungrySpirit the Insei (Octopode Transmuter)        Turns: 4981, Time: 00:10:25

Health: -1/46      AC:  1    Str: 13    XL:     7   Next: 30%
Magic:  10/10      EV: 13    Int: 16    God:    Cheibriados [......]
Gold:   160        SH:  0    Dex: 15    Spells: 3 memorised, 4 levels left

rFire  . . .     SeeInvis .       - Unarmed
rCold  . . .     Gourm    .     (no shield)
rNeg   . . .     Faith    .     (helmet restricted)
rPois  .         Spirit   .     (no amulet)
rElec  .         Dismiss  .     g - +4 ring of slaying
rCorr  .         Reflect  .     p - +2 ring of strength
SustAt .         Harm     .     (no ring)
MR     .....                    (no ring)
Stlth  ++........               (no ring)
                                (no ring)
                                (no ring)
                                (no ring)

@: very slow, not resistant to hostile enchantments, unstealthy
A: almost no armour, amphibious, 8 rings, constrict 8, camouflage 1, gelatinous
body 1
a: Bend Time, Renounce Religion


You were on level 4 of the Dungeon.
You worshipped Cheibriados.
Cheibriados was noncommittal.
You were not hungry.

You visited 2 branches of the dungeon, and saw 5 of its levels.

You collected 160 gold pieces.

Inventory:

Missiles
 a - 41 arrows
Jewellery
 g - a +4 ring of slaying (left tentacle)
 p - a +2 ring of strength (right tentacle)
 u - a cursed ring of teleportation {unknown}
Wands
 o - a wand of random effects (23/48)
 s - a wand of digging (10/24)
 t - a wand of disintegration (18/24)
Scrolls
 d - 4 scrolls of amnesia {unknown}
 f - 2 scrolls of magic mapping {unknown}
 h - 2 scrolls of immolation {unknown}
 i - a scroll of teleportation {unknown}
 j - 2 scrolls of random uselessness {unknown}
 k - 8 scrolls of identify {unknown}
 m - a scroll of blinking {unknown}
 w - 2 scrolls of remove curse {unknown}
Potions
 e - 2 potions of mutation {unknown}
 l - a potion of ambrosia {unknown}
 n - 2 potions of might {unknown}
 r - a potion of lignification {unknown}
 x - a potion of degeneration {unknown}
Books
 b - a book of Changes

   Spells                             Type                      Level
   a - Beastly Appendage              Transmutation                1
   b - Sticks to Snakes               Transmutation                2
   c - Spider Form                    Transmutation/Poison         3
   d - Ice Form                       Ice/Transmutation            4
   e - Blade Hands                    Transmutation                5
 y - a book of Frost

   Spells                             Type                      Level
   a - Freeze                         Ice                          1
   b - Throw Frost                    Conjuration/Ice              2
   c - Ozocubu's Armour               Charms/Ice                   3
   d - Throw Icicle                   Conjuration/Ice              4
   e - Summon Ice Beast               Ice/Summoning                4
Comestibles
 c - 5 bread rations
 q - a beef jerky


   Skills:
 - Level 3.0 Fighting
 - Level 3.2 Dodging
 * Level 6.0 Unarmed Combat
 - Level 2.0 Spellcasting
 + Level 4.1 Transmutations


You had 4 spell levels left.
You knew the following spells:

 Your Spells              Type           Power        Failure   Level  Hunger
a - Beastly Appendage     Trmt           ##....       4%          1    #......
b - Sticks to Snakes      Trmt           ##......     8%          2    ###....
c - Spider Form           Trmt/Pois      #.........   28%         3    ###....


Dungeon Overview and Level Annotations

Branches:
Dungeon (4/15)             Temple (1/1) D:4

Altars:
Cheibriados
Elyvilon
Gozag
Makhleb
Nemelex Xobeh
Pakellas
Qazlal
Ru
Trog


Innate Abilities, Weirdness & Mutations

You cannot wear most types of armour.
You are amphibious.
You can wear up to eight rings at the same time.
You can use your tentacles to constrict eight enemies at once.
Your skin changes colour to match your surroundings (Stealth).
Your rubbery body absorbs attacks (AC +1).


Message History

The ogre moves out of view.
The ogre shouts!
The ogre is too close now for your liking.
An ogre is nearby!
An ogre is nearby!
You bludgeon the ogre! Your squeeze misses the ogre.
The ogre is moderately wounded.
The ogre hits you with a giant club!!
You barely miss the ogre.
The ogre is moderately wounded.
The ogre hits you with a giant club!!
Ouch! That really hurt!
* * * LOW HITPOINT WARNING * * *
The ogre completely misses you. The ogre misses you.
The ogre barely misses you. The ogre barely misses you. The ogre misses you.
The ogre hits you with a giant club!
You die...

#.##.#####.#####
#.##.##........#
........##.###.#
#.##.#####.# #.#
#.##.......# #.#
..########## #.# ###
###.# #
##.#.################
########
#.#..O@.............#
##.....#
##.########..(≈§§...#
##.###.# #.#
#..≈≈§≈≈..# ##.# #.#
#.# #.≈§§≈§≈≈##
#.###.# #.#
#.≈§≈>≈§≈# #.....#
#.# ##§≈§≈≈≈≈#
###.### #.# #.≈≈§≈≈.#
#.# #.# #..≈≈≈..#
##.## #.# ###.#####


You could see an ogre.

Vanquished Creatures
  Sigmund (D:3)
  A black bear (D:4)
  An orc wizard (D:4)
  Jessica (D:2)
  Terence (D:2)
  An iguana (D:2)
  A worker ant (D:4)
  Robin (D:2)
  7 gnolls
  4 adders
  An ooze (D:1)
  An adder skeleton (D:4)
  A worm (D:2)
  3 dart slugs
  4 giant geckos
  An orc (D:3)
  5 giant cockroaches
  17 goblins
  9 hobgoblins
  12 jackals
  9 kobolds
  A quokka (D:2)
  3 ball pythons
  10 bats
  7 giant newts
  A quokka skeleton (D:4)
  8 rats
112 creatures vanquished.

Vanquished Creatures (collateral kills)
  A goblin (D:2)
  A rat (D:2)
2 creatures vanquished.

Grand Total: 114 creatures vanquished

Notes
Turn   | Place    | Note
--------------------------------------------------------------
     0 | D:1      | HungrySpirit the Octopode Transmuter began the quest for the Orb.
     0 | D:1      | Reached XP level 1. HP: 13/13 MP: 3/3
    97 | D:1      | Reached XP level 2. HP: 13/18 MP: 5/5
   678 | D:1      | Reached XP level 3. HP: 23/23 MP: 6/6
  1107 | D:2      | Noticed Robin
  1382 | D:2      | Killed Robin
  1382 | D:2      | Reached XP level 4. HP: 11/28 MP: 5/7
  1761 | D:2      | Learned a level 2 spell: Sticks to Snakes
  1765 | D:2      | Learned a level 3 spell: Spider Form
  1771 | D:2      | Noticed Terence
  1782 | D:2      | Killed Terence
  1782 | D:2      | Reached skill level 4 in Unarmed Combat
  1894 | D:2      | Found a sparkling altar of Nemelex Xobeh.
  2343 | D:2      | Noticed Jessica
  2349 | D:2      | Killed Jessica
  2349 | D:2      | Reached XP level 5. HP: 32/34 MP: 6/8
  2640 | D:3      | Found a faded altar to an unknown god.
  3204 | D:3      | Noticed Sigmund
  3669 | D:3      | Killed Sigmund
  3669 | D:3      | Reached skill level 5 in Unarmed Combat
  3669 | D:3      | Reached XP level 6. HP: 33/41 MP: 3/9
  4418 | D:4      | Noticed a black bear
  4428 | D:4      | Killed a black bear
  4428 | D:4      | Reached XP level 7. HP: 19/46 MP: 6/10
  4654 | D:4      | Found a sacrificial altar of Ru.
  4693 | D:4      | Found a white marble altar of Elyvilon.
  4704 | D:4      | Reached skill level 6 in Unarmed Combat
  4749 | D:4      | Found a staircase to the Ecumenical Temple.
  4759 | Temple   | Entered the Ecumenical Temple
  4777 | Temple   | Became a worshipper of Cheibriados the Contemplative
  4981 | D:4      | Slain by an ogre

Skill      XL: |  1  2  3  4  5  6  7 |
---------------+----------------------+-----
Unarmed Combat | 4 5 6 |  6.0
Fighting       | 2 3 |  3.0
Transmutations | 3 4 |  4.1
Dodging        | 3 |  3.2
Spellcasting   | |  2.0

Action                   |  1- 3 |  4- 6 |  7- 9 || total
-------------------------+-------+-------+-------++-------
Melee: Unarmed           |    73 |   109 |    24 ||   206
       Constrict         |    20 |    29 |     4 ||    53
       Kick              |    10 |     8 |       ||    18
       Tentacles         |    12 |    12 |     3 ||    27
       Punch             |     2 |     3 |       ||     5
 Cast: Beastly Appendage |     5 |     5 |       ||    10
       Sticks to Snakes  |       |     6 |       ||     6
       Spider Form       |       |     5 |     2 ||     7
  Use: Potion            |     1 |       |       ||     1
 Stab: Sleeping          |     7 |    11 |     1 ||    19
       Distracted        |       |     1 |       ||     1
       Paralysed         |       |       |     1 ||     1
  Eat: Chunk             |     1 |    11 |     2 ||    14
Armor: Skin              |    11 |     8 |       ||    19
Dodge: Dodged            |    41 |    73 |    20 ||   134
